Map: Dasan Station LE

Players

jaseskildsen

  • Race: Terran Terran
  • League: Gold
  • Spawn Location: 12:00

Fropez - Winner!

  • Race: Protoss Protoss
  • League: Gold
  • Spawn Location: 6:00

VOD

Have the link to the VOD?

Description

Time

  • Played on: Nov. 12, 2016, 7:47 p.m.
  • Length: 10:34
Show
View Real Time Build Order
Export as new Build Order

jaseskildsen Terran 

Build Orders:  

Get SALT Encoding   

  12  0:06  SCV  
  13  0:22  Supply Depot  
  13  0:23  SCV  
  14  0:29  Refinery  
  14  0:37  SCV  
  15  0:49  Barracks  
  15  0:52  SCV  
  16  1:38  Marine  
  17  1:45  SCV  
  18  1:58  Command Center  
  18  2:02  Marine  
  18  2:06  Barracks  
  18  2:07  Barracks  
  19  2:20  Marine, Supply Depot  
  20  2:29  SCV  
  21  2:36  Supply Depot  
  21  2:38  Marine  
  22  2:47  Bunker  
  22  2:54  Marine  
  22  2:55  Marine  
  24  3:02  SCV  
  25  3:07  Marine  
  26  3:22  SCV x2  
  26  3:26  Marine  
  26  3:27  Marine  
  29  3:28  Marine  
  31  3:49  Factory  
  31  3:55  Marine x3  
  34  4:07  Orbital Command  
  34  4:10  SCV  
  34  4:12  Marine  
  34  4:13  Marine x2  
  29  4:39  Factory Tech Lab  
  29  4:44  Starport  
  29  4:48  SCV  
  31  4:55  Orbital Command  
  31  4:57  Marine x3  
  33  5:00  SCV  
  33  5:06  Siege Tank  
  37  5:13  SCV  
  38  5:15  Marine x2  
  38  5:20  Marine  
  41  5:22  Medivac  
  41  5:25  SCV x2  
  45  5:32  Marine  
  45  5:33  Marine  
  47  5:37  Refinery  
  47  5:45  Engineering Bay  
  47  5:48  Widow Mine  
  49  5:56  Barracks Tech Lab  
  49  5:57  Barracks Reactor  
  49  6:00  Supply Depot  
  49  6:12  Viking  
  51  6:19  Marine x2  
  51  6:21  Command Center  
  53  6:36  Marine  
  53  6:38  Barracks  
  53  6:39  Marine x2, Marauder  
  58  6:42  Stimpack  
  58  6:54  Siege Tank, Marine  
  62  7:21  Marine x4  
  66  7:25  Barracks  
  66  7:34  Widow Mine  
  68  7:39  Marine x3  
  71  7:47  Missile Turret  
  71  7:54  SCV x2  
  73  8:03  Cyclone  
  73  8:05  Marine x3  
  79  8:06  Marine x2, SCV x2  
  84  8:18  SCV x2, Missile Turret  
  86  8:23  Marine x3  
  89  8:30  SCV x2  
  89  8:31  Barracks Reactor, Marine x2  
  93  8:44  Missile Turret  
  93  8:48  Marine  
  93  8:49  Marine  
  93  8:50  Marine  
  93  8:53  Marine  
  93  9:15  Marine x6  
  99  9:34  Medivac  
  86  9:47  Marine x5  
  61  10:04  Medivac  
Show
View Real Time Build Order
Export as new Build Order

Fropez Protoss - Winner!

Build Orders:  

Get SALT Encoding   

  12  0:01  Probe (Chrono Boost)  
  13  0:12  Probe (Chrono Boost)  
  14  0:19  Pylon  
  14  0:24  Probe (Chrono Boost)  
  15  0:37  Probe (Chrono Boost)  
  15  0:40  Gateway  
  16  0:48  Probe (Chrono Boost)  
  17  0:51  Assimilator  
  17  0:58  Probe (Chrono Boost)  
  18  1:09  Probe (Chrono Boost)  
  19  1:19  Probe (Chrono Boost)  
  19  1:24  Gateway  
  20  1:30  Probe (Chrono Boost)  
  20  1:32  Cybernetics Core  
  21  1:40  Probe (Chrono Boost), Assimilator  
  22  1:54  Probe (Chrono Boost)  
  23  2:05  Nexus  
  23  2:09  Probe (Chrono Boost)  
  23  2:16  Warp Gate (Chrono Boost)  
  23  2:32  Pylon  
  23  2:39  Pylon  
  23  2:49  Stalker (Chrono Boost)  
  23  2:50  Gateway, Mothership Core  
  27  2:59  Gateway  
  27  3:11  Probe  
  28  3:17  Probe, Gateway  
  29  3:23  Probe  
  30  3:28  Probe  
  31  3:35  Probe  
  31  3:36  Twilight Council  
  34  3:45  Probe  
  37  3:49  Probe  
  38  3:57  Probe  
  38  4:02  Probe  
  34  4:17  Adept x3  
  34  4:18  Adept  
  34  4:19  Resonating Glaives (Chrono Boost)  
  42  4:37  Pylon, Probe  
  42  4:38  Probe  
  42  4:46  Stalker  
  42  4:47  Stalker x3  
  50  5:03  Forge  
  50  5:04  Probe  
  50  5:05  Probe  
  50  5:06  Assimilator  
  52  5:15  Pylon, Probe  
  52  5:17  Probe  
  54  5:25  Probe  
  55  5:34  Probe  
  56  5:36  Probe  
  56  5:37  Stalker x2  
  56  5:38  Stalker x2  
  65  5:44  Protoss Ground Weapons Level 1 (Chrono Boost)  
  65  5:46  Probe x2  
  65  5:49  Assimilator  
  67  5:55  Blink (Chrono Boost)  
  67  5:57  Gateway  
  67  5:58  Probe  
  68  6:08  Photon Cannon  
  68  6:12  Probe x2  
  68  6:16  Photon Cannon  
  70  6:22  Pylon  
  70  6:30  Pylon  
  71  6:40  Probe  
  71  6:45  Pylon  
  71  6:47  Probe  
  71  6:48  Gateway  
  71  6:52  Probe  
  71  6:53  Gateway  
  73  7:03  Pylon  
  73  7:12  Templar Archives  
  73  7:13  Pylon, Probe  
  73  7:14  Probe  
  75  7:20  Stalker x4  
  75  7:21  Stalker  
  85  7:24  Probe  
  86  7:38  Protoss Ground Armor Level 1 (Chrono Boost)  
  86  7:45  Probe  
  86  7:46  Probe  
  86  7:49  Robotics Facility  
  86  7:51  High Templar  
  90  7:53  High Templar  
  90  7:56  Zealot x5  
  102  8:00  Archon  
  102  8:08  Probe x2  
  104  8:28  Nexus  
  104  8:32  Assimilator  
  104  8:35  Assimilator  
  104  8:37  Probe x2  
  104  8:39  Pylon  
  106  8:43  Pylon  
  106  8:46  High Templar x2  
  106  8:47  Pylon  
  110  8:50  Archon  
  104  9:02  Pylon  
  104  9:05  Pylon  
  104  9:06  Pylon  
  104  9:10  Pylon  
  104  9:14  Probe x2  
  106  9:26  Stalker x3  
  106  9:27  Stalker x3  
  106  9:28  Photon Cannon  
  106  9:30  Photon Cannon  
  118  9:32  Gateway  
  118  9:33  Pylon  
  118  9:37  Pylon, Observer (Chrono Boost)  
  117  9:43  Gateway  
  113  9:51  Stalker x4  
  115  10:15  Probe  
  115  10:16  Probe  
Tags
 
Add a new tag
Caveats
  • Supply blocks, unpowered buildings, or Contaminate may cause inaccurate times.
  • Supply counts are checked every 10 seconds.